 Dungeon Sprint DCSS version 0.26-a0-651-gb41185065b (webtiles) character file.

Game seed: 14398712901441852554

4121 sahdkjhfkaj the Fencer (level 10, -2/97 HPs)
             Began as a Minotaur Monk on Sept 29, 2020.
             Was a High Priest of the Shining One.
             Killed from afar by an efreet (21 damage)
             ... with a bolt of fire
             ... in the Dungeon (Sprint V: "Ziggurat Sprint").
             The game lasted 00:01:31 (655 turns).

sahdkjhfkaj the Fencer (Minotaur Monk)               Turns: 655, Time: 00:01:32

Health: -2/97      AC: 30    Str: 32    XL:     10   Next: 6%
Magic:  16/16      EV:  6    Int:  7    God:    the Shining One [*****.]
Gold:   0          SH: 26    Dex: 12    Spells: 9/9 levels left

rFire    . . .     SeeInvis .   a - +7 Screaming Sword {vorpal, sonic wave}
rCold    . . .     Faith    .   c - +18 shield of the Gong {rElec rN+ MR+ EV-5}
rNeg     + + +     Spirit   .   b - +15 Maxwell's patent armour {-Cast -Tele rElec MR+ rCorr}
rPois    .         Reflect  .   (helmet restricted)
rElec    +         Harm     .   (no cloak)
rCorr    +         Rampage  .   (no gloves)
MR       ++...     NoTele   +   (no boots) Stlth ..........NoCast +
                                (no amulet)
HPRegen  0.26/turn              D - +6 ring of strength
MPRegen  0.15/turn              C - +6 ring of strength

@: glowing
A: retaliatory headbutt, horns 2
a: Divine Shield, Cleansing Flame, Summon Divine Warrior, Renounce Religion


You were in the Dungeon.
You worshipped the Shining One.
The Shining One was extremely pleased with you.
You visited 1 branch

Inventory:

Hand Weapons
 a - the +7 Screaming Sword (weapon) {vorpal, sonic wave}
   (You found it in the Dungeon)

   It inflicts extra damage upon your enemies.
Armour
 b - the +15 Maxwell's patent armour (worn) {-Cast -Tele rElec MR+ rCorr}
   (You found it in the Dungeon)

   It insulates you from electricity.
   It affects your resistance to hostile enchantments.
   It prevents spellcasting.
   It prevents most forms of teleportation.
   It provides partial protection from all sources of acid and corrosion.
 c - the +18 shield of the Gong (worn) {rElec rN+ MR+ EV-5}
   (You found it in the Dungeon)

   It affects your evasion (-5).
   It insulates you from electricity.
   It protects you from negative energy.
   It affects your resistance to hostile enchantments.
Jewellery
 x - an uncursed ring of flight
 y - a +6 ring of dexterity
 z - a +6 ring of dexterity
 A - a +6 ring of intelligence
 B - a +6 ring of intelligence
 C - a +6 ring of strength (right hand)
 D - a +6 ring of strength (left hand)
Wands
 u - a wand of disintegration (7)
 v - a wand of iceblast (7)
 w - a wand of acid (7)
Scrolls
 h - 4 scrolls of blinking
 o - 4 scrolls of amnesia
 p - 7 scrolls of fog
 q - a scroll of holy word
 r - 5 scrolls of identify
 s - 5 scrolls of remove curse
 t - 2 scrolls of fear
Potions
 d - 7 potions of heal wounds
 e - 6 potions of haste
 f - 7 potions of magic
 g - 3 potions of berserk rage
 i - 2 potions of brilliance
 j - 2 potions of invisibility
 k - 4 potions of resistance
 l - a potion of experience
 m - 5 potions of stabbing
 n - 5 potions of might
 G - 10 potions of curing
Miscellaneous
 E - a lightning rod (4/4)
 F - a phantom mirror


   Skills:
 + Level 11.9 Fighting
 * Level 15.8 Long Blades
 + Level 11.5 Armour
 + Level 11.1 Dodging
 - Level 1.5 Stealth
 + Level 9.8 Invocations


You had 9 spell levels left.
You didn't know any spells.
Your spell library was empty.

Dungeon Overview and Level Annotations

Branches:
Dungeon (1/1)

Altars:
Ashenzari
Cheibriados
Dithmenos
Elyvilon
Fedhas
Gozag
Hepliaklqana
Kikubaaqudgha
Makhleb
Nemelex Xobeh
Okawaru
Qazlal
Ru
Sif Muna
Trog
Uskayaw
Vehumet
Wu Jian
Xom
Yredelemnul
Zin
The Shining One
Beogh
Jiyva
Lugonu

Annotations:
D 1 transporter


Innate Abilities, Weirdness & Mutations

You reflexively headbutt those who attack you in melee.
You have a pair of horns on your head.


Message History

The fire elemental completely resists.
You block the fire elemental's attack.
PTOANNNG!
The efreet gestures at you. The bolt of fire hits you!
* * * LOW HITPOINT WARNING * * *
Unknown command.
You are too injured to fight recklessly!
Unknown command.
Unknown command.
You are too injured to fight recklessly!
Unknown command.
You are too injured to fight recklessly!
Unknown command.
You are too injured to fight recklessly!
You feel much better. The hell hog closely misses you.
You block the fire elemental's attack.
SHROANNG!
The efreet gestures at you. The bolt of fire hits you!!
You die...

▓...©....▓...©....▓
▓▓▓▓▓▓▓▓▓▓▓▓▓▓▓▓▓▓▓
▓..8©8..▓ ▓.v}:)..▓
▓..}))..▓ ▓.......▓
▓...h°..▓ ▓..hRE..▓
▓...@...▓ ▓.......▓
▓...©...▓ ▓▓▓▓▓▓▓▓▓


You could see a hell hog (catching breath), an efreet, a fire elemental, a fire
vortex and a hell hound.

Vanquished Creatures
  A death knight (D)
  A dancing weapon (D)
  An orc knight (D)
  3 deep elf magi (D)
  An ugly thing (D)
  2 slime creatures (D)
  2 air elementals (D)
  3 insubstantial wisps (D)
  A hell hound (D)
  2 orc wizards (D)
  2 orcs (D)
19 creatures vanquished.

Notes
Turn   | Place    | Note
-------+----------+-------------------------------------------
     0 | D        | sahdkjhfkaj the Minotaur Monk began the quest for the Orb.
     0 | D        | Reached XP level 1. HP: 19/19 MP: 0/0
     0 | D        | Found a shimmering blue altar of Sif Muna.
     0 | D        | Found a sacrificial altar of Ru.
     0 | D        | Found a bloodstained altar of Trog.
     0 | D        | Found a stormy altar of Qazlal.
     0 | D        | Found an iron altar of Okawaru.
     0 | D        | Found a sparkling altar of Nemelex Xobeh.
     0 | D        | Found a blossoming altar of Fedhas.
     1 | D        | Found the +6 Majin-Bo {vamp, MP+6 Int+6}
     1 | D        | Found the +9 heavy crossbow "Sniper" {vorpal, Acc+∞ SInv}
     1 | D        | Found the +10 dark maul {vorpal}
     1 | D        | Found the +15 Maxwell's patent armour {-Cast -Tele rElec
                  | MR+ rCorr}
     1 | D        | Found the +18 shield of the Gong {rElec rN+ MR+ EV-5}
     1 | D        | Found the cursed +14 obsidian axe {vorpal, +Fly SInv
                  | *Curse}
     1 | D        | Found the +7 great mace "Firestarter" {inner flame, rF++}
     1 | D        | Found the +6 shillelagh "Devastator" {shatter}
     1 | D        | Found the +11 plutonium sword {*Contam Stlth-}
     1 | D        | Found the +8 lance "Wyrmbane" {slay drac, rPois rF+ rC+
                  | AC+3}
     1 | D        | Found the +9 sword of Zonguldrok {reap}
     1 | D        | Found the cursed +13 scythe of Curses {drain, *Curse}
     1 | D        | Found the +0 sword of Power
     1 | D        | Found the +7 mace of Variability {chain chaos}
     1 | D        | Found the +7 Singing Sword {vorpal, sonic wave}
     1 | D        | Found the +8 storm bow {elec, penet}
     2 | D        | Found a transporter.
     2 | D        | Found an ancient bone altar of Kikubaaqudgha.
     2 | D        | Found a viscous altar of Jiyva.
     2 | D        | Found a corrupted altar of Lugonu.
     2 | D        | Found a hazy altar of Hepliaklqana.
     2 | D        | Found a burning altar of Makhleb.
     2 | D        | Found an opulent altar of Gozag.
     5 | D        | Banished a spatial maelstrom
    51 | D        | Became a worshipper of the Shining One
    51 | D        | Reached * piety under the Shining One
    51 | D        | Reached ** piety under the Shining One
    70 | D        | Entered arena 2.
    70 | D        | Noticed a deep elf mage
    70 | D        | Noticed a +1 scimitar of protection
    70 | D        | Found a transporter.
    73 | D        | Killed a deep elf mage
    73 | D        | Reached skill level 10 in Long Blades
    73 | D        | Reached XP level 2. HP: 20/35 MP: 0/5
    73 | D        | Reached XP level 3. HP: 23/40 MP: 0/6
    73 | D        | Reached XP level 4. HP: 28/48 MP: 0/7
    73 | D        | Reached XP level 5. HP: 31/53 MP: 0/8
    73 | D        | Reached XP level 6. HP: 36/61 MP: 0/9
    79 | D        | Killed a +1 scimitar of protection
    79 | D        | Reached skill level 12 in Long Blades
    79 | D        | Reached XP level 7. HP: 31/70 MP: 0/11
    79 | D        | Reached XP level 8. HP: 35/78 MP: 0/12
   265 | D        | Entered arena 3.
   265 | D        | Reached *** piety under the Shining One
   265 | D        | Found a transporter.
   271 | D        | Reached skill level 13 in Long Blades
   279 | D        | Entered arena 4.
   279 | D        | Found a transporter.
   280 | D        | Identified the +7 great mace of Beyond {holy, rF+ rN++
                  | Int+4}
   288 | D        | Entered arena 5.
   288 | D        | Noticed an air elemental
   288 | D        | Noticed a deep elf mage
   288 | D        | Noticed a deep elf mage
   288 | D        | Noticed an air elemental
   288 | D        | Found a transporter.
   291 | D        | Killed an air elemental
   291 | D        | Reached skill level 10 in Fighting
   291 | D        | Killed a deep elf mage
   291 | D        | Killed a deep elf mage
   291 | D        | Reached XP level 9. HP: 69/86 MP: 12/14
   292 | D        | Reached skill level 14 in Long Blades
   292 | D        | Reached skill level 10 in Armour
   367 | D        | Entered arena 6.
   367 | D        | Noticed a death knight
   367 | D        | Reached **** piety under the Shining One
   367 | D        | Noticed a cyan ugly thing
   367 | D        | Noticed an orc knight
   367 | D        | Found a transporter.
   368 | D        | Found the +8 whip "Snakebite" {curare, rPois}
   371 | D        | Killed a cyan ugly thing
   371 | D        | Reached skill level 10 in Dodging
   374 | D        | Killed an orc knight
   374 | D        | Reached skill level 15 in Long Blades
   375 | D        | Killed a death knight
   375 | D        | Reached XP level 10. HP: 31/97 MP: 9/16
   646 | D        | Entered arena 7.
   646 | D        | Noticed a hell hog
   646 | D        | Reached ***** piety under the Shining One
   647 | D        | Found a transporter.
   654 | D        | HP: 1/97 [efreet/bolt of fire (13)]
   655 | D        | Killed from afar by an efreet

Illustrated notes

Levels and vault maps discovered:
D:        sprint_v [room_start, room_1, room_2, room_3, room_4, room_5, room_6,
          room_7, room_8, room_9, room_10, room_11, room_12, room_13, room_14,
          room_15, room_16, room_17, room_18, room_19, room_20, room_21,
          room_22, room_23, room_24, room_25, room_26, room_27]

Skill      XL: |  1  2  3  4  5  6  7  8  9 |
---------------+----------------------------+-----
Fighting       | 7 9 10 11 | 11.9
Long Blades    | 10 12 13 15 | 15.8
Armour         | 6 8 9 11 | 11.5
Dodging        | 7 8 9 11 | 11.1
Invocations    | 6 7 8 9 |  9.8
Stealth        | |  1.5

Action                   |  1- 3 |  4- 6 |  7- 9 | 10-12 || total
-------------------------+-------+-------+-------+-------++-------
Melee: Double sword      |     2 |     5 |    14 |     6 ||    27
       Headbutt          |     1 |       |     3 |     2 ||     6
Invok: Cleansing Flame   |       |       |     1 |     1 ||     2
  Use: Potion            |       |     1 |     1 |     1 ||     3
Armor: Plate armour      |     2 |     1 |     8 |     2 ||    13
Dodge: Dodged            |       |     1 |     1 |     2 ||     4
Block: Kite shield       |     2 |     6 |    16 |     8 ||    32
       Rpst.: Double sword |       |     1 |       |       ||     1

Table legend: (Time is in decaauts)
 A = Elapsed time spent in this place.
 B = Non-inter-level travel time spent in this place.
 C = Inter-level travel time spent in this place.
 D = Time resting spent in this place.
 E = Time spent auto-exploring this place.
 F = Levels seen in this place.
 G = Mean time per level.
                   A        B        C        D        E       F      G
               +--------+--------+--------+--------+--------+-----+--------+
         Total |    652 |    652 |      0 |    516 |      5 |   1 |  652.0 |
       Dungeon |    652 |    652 |      0 |    516 |      5 |   1 |  652.0 |
               +--------+--------+--------+--------+--------+-----+--------+

Top non-repeatable levels by time:
       D: 652 daAuts
